 Dungeon Crawl Stone Soup version 0.31.0-12-g77e489cdc1 (webtiles) character file.

Game seed: 152164168004336643

5065 hawla the Carver (level 10, -20/72 (78) HPs)
             Began as a Minotaur Fighter on Feb 19, 2024.
             Was a Follower of Yredelemnul.
             Demolished by a white ugly thing (31 damage)
             ... on level 9 of the Dungeon.
             The game lasted 00:14:56 (8107 turns).

hawla the Carver (Minotaur Fighter)                 Turns: 8107, Time: 00:14:56

HP:   -20/72 (78)   AC: 19    Str: 28    XL:     10   Next: 31%
MP:   9/9           EV:  9    Int:  5    God:    Yredelemnul [*.....]
Gold: 568           SH:  6    Dex: 13    Spells: 9/9 levels left

rFire   + . .        a - +0 long sword (flame)
rCold   . . .        c - +1 buckler
rNeg    . . .        y - +0 chain mail
rPois   .            (helmet restricted)
rElec   .            l - +1 cloak
rCorr   .            i - +1 pair of gloves
SInv    .            D - +0 pair of boots
Will    .....        w - amulet of faith Stlth
                     n - +6 ring of strength
HPRegen 0.32/turn    t - ring of protection from fire
MPRegen 0.11/turn

%: faith
@: drained
A: horns 2, retaliatory headbutt
a: Renounce Religion, Recall Undead Harvest


You were on level 9 of the Dungeon.
You worshipped Yredelemnul.
Yredelemnul was noncommittal.
You visited 2 branches of the dungeon, and saw 10 of its levels.

You collected 683 gold pieces.
You spent 115 gold pieces at shops.

Inventory:

Hand Weapons
 a - a +0 long sword of flaming (weapon)
 F - a +3 long sword
Missiles
 G - 10 poisoned darts (quivered)
Armour
 c - a +1 buckler (worn)
 i - a +1 pair of gloves (worn)
 l - a +1 cloak (worn)
 y - a +0 chain mail (worn)
 D - a +0 pair of boots (worn)
Jewellery
 n - a +6 ring of strength (left hand)
 t - a ring of protection from fire (right hand)
 w - an amulet of faith (around neck)
 B - a ring of see invisible
Wands
 C - a wand of flame (32)
 H - a wand of roots (8)
Scrolls
 b - 3 scrolls of fear
 e - a scroll of blinking
 k - a scroll of teleportation
 o - 3 scrolls of poison
 x - a scroll of revelation
 z - a scroll of identify
 A - a scroll of vulnerability
Potions
 d - 4 potions of haste
 f - a potion of ambrosia
 g - a potion of degeneration {unknown}
 h - a potion of cancellation {unknown}
 j - 2 potions of brilliance {unknown}
 m - a potion of heal wounds {unknown}
 p - 3 potions of curing {unknown}
 q - a potion of lignification
 r - 2 potions of mutation {unknown}
 s - a potion of attraction {unknown}
 u - a potion of magic {unknown}
 v - a potion of enlightenment {unknown}


   Skills:
 - Level 4.0 Fighting
 - Level 14.0 Long Blades
 + Level 12.2 Armour
 - Level 3.6 Shields


You had 9 spell levels left.
You didn't know any spells.
Your spell library was empty.

Dungeon Overview and Level Annotations

Branches:
Dungeon (9/15)             Temple (1/1) D:4
   Lair: D:8-11         Orc: D:9-12

Altars:
Ashenzari
Cheibriados
Dithmenos
Elyvilon
Fedhas
Gozag
Hepliaklqana
Kikubaaqudgha
Makhleb
Nemelex Xobeh
Okawaru
Qazlal
Ru
Sif Muna
Trog
Uskayaw
Vehumet
Wu Jian
Xom
Yredelemnul
Zin
The Shining One

Shops:
D:1 *


Innate Abilities, Weirdness & Mutations

You have a pair of horns on your head.
You reflexively headbutt those who attack you in melee.


Message History

You slash the yak! You burn the yak.
The yak is almost dead.
Your yak zombie gores the yak.
The yak gores you but does no damage.
You barely miss the yak.
The yak is almost dead.
You block the white ugly thing's attack.
You barely miss the yak. You headbutt the yak!
You kill the yak!
The dead are walking!
You can now trade souls for undead servants.
You swap places.
The white ugly thing punches your yak zombie!
The white ugly thing freezes your yak zombie.
Your yak zombie resists.
The yak gores your yak zombie.
The white ugly thing punches your yak zombie!
The white ugly thing freezes your yak zombie.
Your yak zombie resists.
Your yak zombie gores the white ugly thing.
Your yak zombie gores the yak.
The yak gores your yak zombie!
The white ugly thing punches your yak zombie!
The white ugly thing freezes your yak zombie.
Your yak zombie resists.
Your yak zombie gores the yak!
The yak gores your yak zombie!
Your yak zombie is destroyed!
Your yak zombie barely misses the white ugly thing.
You can no longer trade souls for undead servants.
You closely miss the white ugly thing.
The white ugly thing is lightly wounded.
The white ugly thing punches you. The white ugly thing freezes you!
* * * LOW HITPOINT WARNING * * *
Your yak zombie barely misses the yak.
The white ugly thing attacks as it pursues you!
The white ugly thing punches you.
* * * LOW HITPOINT WARNING * * *
The white ugly thing freezes you!!
You die...
Your body rises from the dead as a mindless zombie.

.........#
.......<.#
.........#
.........#
#+##.....# #.....#
##.....#####
#..........#
#@.........#
#uZ........#
#.#####....#
#YY...#....#
YZ#...#....#
.######.#...'....#
........#...#....#
....Y...#...#....#
###.....#####....#


You could see a white ugly thing (ally target), 3 yaks and 2 friendly yak
zombies.

Vanquished Creatures
  A two-headed ogre (D:7)
  6 yaks
  A wyvern (D:8)
  A steam dragon (D:7)
  An acid dragon (D:6)
  2 water moccasins (D:7)
  2 orc warriors
  3 sky beasts
  A laughing skull (D:8)
  2 black bears
  2 ice beasts (D:8)
  2 ogres
  A bullfrog (D:8)
  A gnoll sergeant (D:5)
  3 scorpions
  3 wights (D:7)
  A howler monkey (D:8)
  2 bombardier beetles (D:5)
  3 jellies
  9 hounds
  A sleepcap (D:5)
  4 iguanas
  4 orc wizards
  Robin (D:2)
  12 gnolls
  10 adders
  A shadow imp (D:6)
  3 white imps
  2 ufetubi (D:6)
  A dart slug (D:2)
  2 ribbon worms (D:2)
  19 orcs
  7 ball pythons
  8 endoplasms
  3 giant cockroaches
  16 goblins
  15 hobgoblins
  13 jackals
  5 quokkas
  7 bats
  4 frilled lizards
  4 kobolds
  5 rats
194 creatures vanquished.

Vanquished Creatures (collateral kills)
  A laughing skull (D:8)
  A black bear (D:7)
  A phantom (D:7)
  Blork the orc (D:6)
  2 orc wizards
  2 gnolls
  An adder (D:4)
  2 orcs (D:6)
11 creatures vanquished.

Vanquished Creatures (others)
  2 yak zombies
  A black bear zombie (D:7)
  An ice beast zombie (D:8)
  An ogre zombie (D:7)
  A sky beast zombie (D:7)
  A hound zombie (D:6)
  A jelly zombie (D:5)
  An iguana zombie (D:5)
  2 spectral white imps
  7 orc zombies
  A quokka zombie (D:5)
  A spectral ufetubus (D:6)
20 creatures vanquished.

Grand Total: 225 creatures vanquished

Notes
Turn   | Place    | Note
-------+----------+-------------------------------------------
     0 | D:1      | hawla the Minotaur Fighter began the quest for the Orb.
     0 | D:1      | Reached XP level 1. HP: 19/19 MP: 0/0
   132 | D:1      | Reached skill level 3 in Long Blades
   132 | D:1      | Reached XP level 2. HP: 27/27 MP: 1/1
   521 | D:1      | Found Anomma's General Store.
   527 | D:1      | Bought a scroll of poison for 40 gold pieces
   624 | D:1      | Reached skill level 4 in Long Blades
   624 | D:1      | Reached XP level 3. HP: 33/33 MP: 2/2
   864 | D:2      | Found a faded altar of an unknown god.
   969 | D:2      | Noticed Robin
   971 | D:2      | Reached skill level 5 in Long Blades
   983 | D:2      | Reached XP level 4. HP: 40/40 MP: 3/3
   998 | D:2      | Killed Robin
  1199 | D:2      | Reached skill level 6 in Long Blades
  1548 | D:3      | Reached XP level 5. HP: 46/46 MP: 4/4
  2090 | D:4      | Reached skill level 7 in Long Blades
  2311 | D:4      | Reached XP level 6. HP: 40/52 MP: 5/5
  2404 | D:4      | Reached skill level 8 in Long Blades
  2459 | D:4      | Found a snail-covered altar of Cheibriados.
  2502 | D:4      | Found a staircase to the Ecumenical Temple.
  2533 | Temple   | Entered the Ecumenical Temple
  2543 | Temple   | Became a worshipper of Yredelemnul the Dark
  2597 | D:4      | Reached * piety under Yredelemnul
  2603 | D:4      | Reached skill level 9 in Long Blades
  2831 | D:4      | Reached XP level 7. HP: 59/59 MP: 6/6
  3060 | D:5      | Entered Level 5 of the Dungeon
  3541 | D:5      | Reached skill level 10 in Long Blades
  3621 | D:5      | Reached ** piety under Yredelemnul
  3644 | D:5      | HP: 1/59 [gnoll/+0 flail[a gnoll sergeant] (5)]
  3997 | D:5      | Reached skill level 11 in Long Blades
  4017 | D:5      | Identified the +1 ring mail "Kungotad" {Stlth+}
  4454 | D:6      | Found an iron altar of Okawaru.
  4463 | D:6      | Reached XP level 8. HP: 64/66 MP: 7/7
  4628 | D:6      | Reached skill level 12 in Long Blades
  4705 | D:6      | Found a blossoming altar of Fedhas.
  4707 | D:6      | Found a shimmering blue altar of Sif Muna.
  4968 | D:6      | Reached *** piety under Yredelemnul
  5002 | D:6      | Noticed Blork the orc
  5007 | D:6      | Reached skill level 13 in Long Blades
  5012 | D:6      | Killed Blork the orc
  5013 | D:6      | Reached **** piety under Yredelemnul
  5710 | D:1      | Bought a +0 pair of boots for 45 gold pieces
  5710 | D:1      | Bought a potion of lignification for 30 gold pieces
  5925 | D:7      | Reached XP level 9. HP: 64/71 MP: 8/8
  5986 | D:7      | Found a broken altar of Ashenzari.
  6014 | D:7      | Reached skill level 14 in Long Blades
  6038 | D:7      | Found an opulent altar of Gozag.
  6128 | D:7      | Noticed a two-headed ogre
  6137 | D:7      | Killed a two-headed ogre
  6560 | D:7      | Found a stormy altar of Qazlal.
  6817 | D:7      | Reached skill level 10 in Armour
  7119 | D:8      | Found a sparkling altar of Nemelex Xobeh.
  7140 | D:8      | Reached XP level 10. HP: 62/78 MP: 9/9
  7209 | D:8      | Found a glowing silver altar of Zin.
  7621 | D:8      | Found a radiant altar of Vehumet.
  8079 | D:9      | Noticed a white ugly thing
  8107 | D:9      | Demolished by a white ugly thing

Illustrated notes

Levels and vault maps discovered:
D:1:      dpeg_arrival_boxorama, layout_basic, serial_shops,
          nicolae_shop_tiny_statue_garden
D:2:      layout_basic, shapermc_ecumenical_altar_starsandcircs,
          minmay_hexomino_r4, uniq_robin
D:3:      layout_loops_cross
D:4:      layout_layer_cave, lemuel_tele_altar, minmay_temple_entry_mist,
          serial_bayou_ford_a, st_stairs_1, grunt_decor_resistance
D:5:      layout_basic
D:6:      layout_basic, general_overflow_altar,
          chequers_temple_overflow_statue_of_worship, reono_crystal_passage,
          dreamdust_gnoll_farm, uniq_blork_the_orc
D:7:      layout_basic, nicolae_qazlal_beasts_of_the_sky,
          cheibrodos_ashenzari_chains,
          nicolae_gozag_cash_rules_everything_around_me,
          minmay_misc_feat_secret_circle, moated_statue, interstate_on_off
D:8:      layout_rooms, amcnicky_altar_gilded, vehumet_crystals,
          nemelex_xobeh_ov_fountains_minmay
D:9:      layout_irregular_city, lair_entry_dummy, orc_0_dummy, serial_shops,
          kennysheep_mini, shop, nicolae_shop_back_alley_shop,
          nicolae_diode_quadrants
Temple:   nicolae_temple_hex_pool

Skill      XL: |  1  2  3  4  5  6  7  8  9 10 |
---------------+-------------------------------+-----
Fighting       | 4 |  4.0
Long Blades    | 3 4 5 6 7 9 11 13 14 | 14.0
Armour         | 10 12 | 12.2
Shields        | |  3.6

Action                     |  1- 3 |  4- 6 |  7- 9 | 10-12 || total
---------------------------+-------+-------+-------+-------++-------
  Melee: Long sword        |    83 |   198 |   263 |    68 ||   612
         Headbutt          |    11 |    28 |    49 |    18 ||   106
 Invoke: Recall Undead Har |       |       |     1 |     2 ||     3
    Use: Scroll            |       |     1 |    14 |     2 ||    17
         Potion            |       |       |     2 |     2 ||     4
   Stab: Distracted        |       |       |     3 |       ||     3
 Armour: Scale mail        |    53 |    68 |       |       ||   121
         Chain mail        |       |   104 |   193 |    51 ||   348
         Skin              |       |       |       |     1 ||     1
  Dodge: Dodged            |    53 |    91 |    78 |    14 ||   236
  Block: Buckler           |    20 |    47 |    54 |    17 ||   138
